 Dungeon Crawl Stone Soup version 0.28.0-53-g5a82cb258f (webtiles) character file.

Game seed: 9535782516464074341

2709 Zeld the Conjurer (level 9, 0/72 (75) HPs)
             Began as a Yellow Draconian Conjurer on June 14, 2022.
             Was an Initiate of Gozag.
             Slain by a wight
             ... wielding a +0 scimitar
              (6 damage)
             ... on level 7 of the Dungeon.
             The game lasted 00:09:45 (9473 turns).

Zeld the Conjurer (Yellow Draconian Conjurer)       Turns: 9473, Time: 00:09:46

HP:   0/72 (75)     AC: 10    Str: 10    XL:     9   Next: 39%
MP:   4/27          EV: 12    Int: 23    God:    Gozag
Gold: 32            SH:  0    Dex:  9    Spells: 9/20 levels left

rFire   . . .      SeeInvis .   a - staff of air
rCold   . . .      Faith    .   (no shield)
rNeg    . . .      Spirit   .   (armour unavailable)
rPois   .          Reflect  .   (helmet restricted)
rElec   +          Harm     .   l - +0 cloak
rCorr   +          Rampage  .   n - +0 pair of gloves
Will    .....      NoTele   +   x - +0 pair of boots
Stlth   ++........              y - amulet of regeneration
HPRegen 0.22/turn               p - ring of magical power
MPRegen 0.20/turn               (no ring)

@: lethally poisoned (0 -> -1), gold aura, immobile, very slightly contaminated,
slowed, lightly drained, very slow
A: spit acid, AC +7, unfitting armour, cold-blooded, acid resistance
a: Breathe Acid, Renounce Religion, Potion Petition, Call Merchant, Bribe Branch


You were on level 7 of the Dungeon.
You worshipped Gozag.
Gozag was noncommittal.
You visited 2 branches of the dungeon, and saw 9 of its levels.

You collected 985 gold pieces.
You spent 261 gold pieces at shops.
You paid 692 gold pieces to Gozag.

Inventory:

Missiles
 c - 6 poisoned darts
 f - 119 bolts
 D - a curare-tipped dart
Armour
 l - a +0 cloak (worn)
 n - a +0 pair of gloves (worn)
 x - a +0 pair of boots (worn)
Magical Staves
 a - a staff of air (weapon)
Jewellery
 p - a ring of magical power (left hand)
 y - an amulet of regeneration (around neck)
Wands
 z - a wand of flame (12)
 G - a wand of paralysis (3)
Scrolls
 b - 3 scrolls of enchant armour {unknown}
 d - 2 scrolls of enchant weapon {unknown}
 e - 8 scrolls of identify {unknown}
 g - 2 scrolls of noise {unknown}
 j - 3 scrolls of teleportation {unknown}
 k - a scroll of blinking {unknown}
 m - a scroll of immolation {unknown}
 q - 2 scrolls of fog {unknown}
 r - a scroll of torment {unknown}
 u - a scroll of silence {unknown}
 v - a scroll of magic mapping {unknown}
 w - a scroll of vulnerability {unknown}
Potions
 h - a potion of degeneration {unknown}
 i - 2 potions of cancellation {unknown}
 o - a potion of invisibility {unknown}
 s - a potion of curing {unknown}
 t - 2 potions of lignification {unknown}
 A - 4 potions of brilliance {unknown}
 B - 2 potions of mutation {unknown}
 C - a potion of ambrosia
 E - a potion of heal wounds {unknown}
 F - 2 potions of haste {unknown}
 H - a potion of berserk rage
 I - a potion of flight {unknown}


   Skills:
 * Level 5.8 Fighting
 - Level 1.7 Dodging
 - Level 1.7 Stealth
 + Level 6.2 Spellcasting
 + Level 7.3 Conjurations
 - Level 2.0 Hexes
 - Level 2.0 Translocations
 * Level 5.3 Air Magic
 + Level 3.6 Evocations


You had 9 spell levels left.
You knew the following spells:

 Your Spells              Type           Power      Damage    Failure   Level
a - Magic Dart            Conj           100%       1d8       1%          1
b - Searing Ray           Conj           80%        2d7       1%          2
c - Fulminant Prism       Conj/Hex       14%        3d9       12%         4
d - Iskenderun's Mystic   Conj/Tloc      28%        2d7       12%         4

Your spell library contained the following spells:

 Spells                   Type           Power      Damage    Failure   Level
 Static Discharge         Conj/Air       53%        N/A       1%          2
 Dazzling Flash           Conj/Hex       56%        N/A       3%          3
 Portal Projectile        Hex/Tloc       32%        N/A       11%         3
 Lightning Bolt           Conj/Air       26%        1d42      17%         5
 Call Canine Familiar     Summ           7%         N/A       26%         3
 Passage of Golubria      Tloc           16%        N/A       36%         4
 Silence                  Hex/Air        18%        N/A       45%         5
 Leda's Liquefaction      Hex/Erth       5%         N/A       50%         4
 Lehudib's Crystal Spear  Conj/Erth      11%        10d4      100%        8
 Maxwell's Capacitive Co  Air            23%        ∞         100%        8


Dungeon Overview and Level Annotations

Branches:
Dungeon (8/15)             Temple (1/1) D:4
   Lair: D:8-11

Altars:
Ashenzari
Dithmenos
Elyvilon
Fedhas
Gozag
Hepliaklqana
Makhleb
Nemelex Xobeh
Okawaru
Qazlal
Ru
Trog
Vehumet
Wu Jian
Xom
Yredelemnul
Zin

Shops:
D:4 !   D:7 *


Innate Abilities, Weirdness & Mutations

You can spit globs of acid.
Your golden yellow scales are hard. (AC +7)
You cannot fit into any form of body armour.
You are cold-blooded and may be slowed by cold attacks.
You are resistant to acid. (rCorr)


Message History

You feel sick.
Unknown command.
Unknown command.
Casting: Iskenderun's Mystic Blast (dangerous; 12% risk of failure)
Confirm with . or Enter, or press ? or * to list all spells.
You erupt in a blast of force!
The mystic blast hits the wight!
The wight is almost destroyed.
The wight is knocked back by the mystic blast.
The mystic blast hits the orc!
You kill the orc!
The mystic blast hits the wight but does no damage.
The wight is moderately damaged.
You feel sick. The wight barely misses you.
The wight hits you but does no damage.
Unknown command.
Unknown command.
Casting: Iskenderun's Mystic Blast (dangerous; 12% risk of failure)
Confirm with . or Enter, or press ? or * to list all spells.
You miscast Iskenderun's Mystic Blast.
You are caught in a violent explosion.
* * * LOW HITPOINT WARNING * * *
You feel yourself speed up.
You feel sick. The wight hits you but does no damage.
Unknown command.
Unknown command.
Okay, then.
Okay, then.
Casting: Iskenderun's Mystic Blast (dangerous; 12% risk of failure)
Confirm with . or Enter, or press ? or * to list all spells.
You miscast Iskenderun's Mystic Blast.
You catch a glimpse of the back of your own head.
You are magically locked in place.
You feel sick.
The wight hits you with a +3 war axe of freezing.
* * * LOW HITPOINT WARNING * * *
You feel drained.
* * * LOW HITPOINT WARNING * * *
You feel yourself slow down. The wight freezes you.
* * * LOW HITPOINT WARNING * * *
The wight hits you with a +0 scimitar.
You die...
Your body crumbles into a pile of gold.

[.....<........##...).
..........#.#....####...
............#...## #....
..........#####..##...#.
............###.......#.
............#.#.......#.
.....$z.#............(#.
......zz#.............#.
#.....z@.......#......#.
###............#........
#..>..)###...##.......
###....# ##.........#
#..#.## .....#...##
#..##.. ..........# ....
... ...... ..##..#. #..


You could see 4 wights.

Vanquished Creatures
  Grinder (D:6)
  Sigmund (D:3)
  Menkaure (D:5)
  A water moccasin (D:5)
  A black bear (D:5)
  3 ogres
  A sky beast (D:7)
  3 bullfrogs
  2 kobold brigands (D:7)
  2 water moccasin zombies (D:5)
  A scorpion (D:7)
  3 wyvern skeletons
  4 killer bees (D:7)
  4 howler monkeys
  2 centaur zombies (D:5)
  A hound (D:6)
  2 bullfrog zombies (D:5)
  2 jellies
  A bullfrog skeleton (D:5)
  An orc priest (D:7)
  2 centaur skeletons
  An iguana (D:6)
  6 orc wizards
  A killer bee zombie (D:7)
  3 hound skeletons (D:5)
  2 howler monkey zombies (D:5)
  A howler monkey skeleton (D:5)
  An adder (D:2)
  A shadow imp (D:7)
  A white imp (D:6)
  3 worms
  4 dart slugs
  12 orcs
  11 endoplasms
  2 giant cockroaches
  8 goblins
  6 hobgoblins
  3 jackals (D:4)
  3 quokkas
  3 ball pythons
  5 bats
  2 frilled lizards
  17 kobolds
  2 rats
137 creatures vanquished.

Vanquished Creatures (others)
  2 fulminant prisms (D:6)
  A withered plant (D:5)
3 creatures vanquished.

Grand Total: 140 creatures vanquished

Notes
Turn   | Place    | Note
-------+----------+-------------------------------------------
     0 | D:1      | Zeld the Draconian Conjurer began the quest for the Orb.
     0 | D:1      | Reached XP level 1. HP: 14/14 MP: 3/3
   133 | D:1      | Reached XP level 2. HP: 20/20 MP: 1/5
   136 | D:1      | Learned a level 2 spell: Searing Ray
   400 | D:1      | Reached skill level 1 in Translocations
   520 | D:1      | Reached skill level 1 in Hexes
   904 | D:1      | Reached XP level 3. HP: 13/26 MP: 0/6
  2053 | D:3      | Found a shimmering altar of Xom.
  2054 | D:3      | Found a glowing silver altar of Zin.
  2054 | D:3      | Noticed an angel
  2058 | D:3      | Noticed Sigmund
  2075 | D:3      | HP: 1/26 [Sigmund/+0 scythe (10)]
  2109 | D:3      | Killed Sigmund
  2110 | D:3      | Reached XP level 4. HP: 26/33 MP: 2/9
  2110 | D:3      | Reached XP level 5. HP: 30/38 MP: 2/10
  2141 | D:3      | Learned a level 4 spell: Fulminant Prism
  2146 | D:3      | Learned a level 4 spell: Iskenderun's Mystic Blast
  2191 | D:3      | Found an opulent altar of Gozag.
  2345 | D:3      | Became a worshipper of Gozag Ym Sagoz the Greedy
  3051 | D:3      | Found an iron altar of Okawaru.
  3064 | D:3      | Reached skill level 5 in Conjurations
  3073 | D:3      | Reached XP level 6. HP: 39/45 MP: 2/12
  4573 | D:4      | Found a staircase to the Ecumenical Temple.
  4596 | Temple   | Entered the Ecumenical Temple
  4695 | D:4      | Found Mexzicw's Distillery.
  5515 | D:5      | Entered Level 5 of the Dungeon
  5774 | D:5      | Reached skill level 5 in Spellcasting
  5774 | D:5      | Reached skill level 6 in Conjurations
  5774 | D:5      | Your scales start taking on a golden yellow colour.
  5774 | D:5      | Reached XP level 7. HP: 38/50 MP: 14/14
  5774 | D:5      | Gained mutation: You are resistant to acid. (rCorr) [Yellow
                  | Draconian growth]
  5902 | D:5      | Reached skill level 1 in Fighting
  5902 | D:5      | Reached skill level 1 in Air Magic
  6172 | D:5      | Reached skill level 1 in Evocations
  6433 | D:5      | Reached XP level 8. HP: 60/62 MP: 15/15
  6595 | D:5      | Noticed Menkaure
  6601 | D:5      | Killed Menkaure
  6860 | D:6      | Noticed Grinder
  6870 | D:6      | Killed Grinder
  7892 | D:7      | Reached skill level 7 in Conjurations
  8509 | D:7      | Reached XP level 9. HP: 73/73 MP: 17/17
  8513 | D:7      | Reached skill level 5 in Fighting
  8761 | D:7      | Reached skill level 5 in Air Magic
  9216 | D:7      | Bought a purple potion for 27 gold pieces
  9216 | D:7      | Bought a lumpy green potion for 27 gold pieces
  9216 | D:7      | Bought a lumpy green potion for 27 gold pieces
  9216 | D:7      | Bought a fluorescent wand for 120 gold pieces
  9271 | D:4      | Bought a potion of berserk rage for 60 gold pieces
  9473 | D:7      | Slain by a wight

Illustrated notes

Levels and vault maps discovered:
D:1:      ncdulo_smallfort, layout_basic, minmay_box_of_dots
D:2:      layout_basic
D:3:      layout_loops_corners, grunt_temple_overflow_order_and_chaos_1,
          nicolae_gozag_cash_rules_everything_around_me, okawaru_gym_becter,
          nicolae_underground_beach, uniq_sigmund
D:4:      layout_layer_cave, minmay_temple_entry_statues_fountains,
          serial_shops, nicolae_shop_hallway_plus
D:5:      layout_loops_ring, serial_undead, serial_undead_f, serial_undead_b,
          serial_undead_b, serial_undead_a, uniq_menkaure
D:6:      layout_cave_pools, uniq_grinder
D:7:      layout_cave_pools
D:8:      layout_gridville, chequers_temple_overflow_statue_of_worship,
          jmf_multi_god_temple2, special_room [special_room_orc],
          ebering_ghost_gozag
Temple:   cyrus_circular_temple

Skill      XL: |  1  2  3  4  5  6  7  8  9 |
---------------+----------------------------+-----
Translocations | 1 2 |  2.0
Hexes          | 1 2 |  2.0
Spellcasting   | 3 4 5 6 |  6.2
Conjurations   | 5 6 7 |  7.3
Fighting       | 2 4 5 |  5.8
Air Magic      | 2 4 5 |  5.3
Evocations     | 1 3 |  3.6
Dodging        | |  1.7
Stealth        | |  1.7

Action                   |  1- 3 |  4- 6 |  7- 9 || total
-------------------------+-------+-------+-------++-------
Melee: Unarmed           |    28 |    17 |       ||    45
       Tailslap          |     4 |     5 |     3 ||    12
       Staff             |       |    11 |    13 ||    24
 Cast: Magic Dart        |    61 |    21 |       ||    82
       Searing Ray       |     3 |    24 |    31 ||    58
       Iskenderun's Myst |       |     3 |    34 ||    37
       Fulminant Prism   |       |       |     2 ||     2
Invok: Call Merchant     |       |       |     1 ||     1
 Abil: Breathe Acid      |       |       |     2 ||     2
  Use: Potion            |     3 |       |       ||     3
 Stab: Sleeping          |       |     2 |       ||     2
Armor: Skin              |    26 |    29 |    68 ||   123
Dodge: Dodged            |    46 |    33 |   112 ||   191
